 Dungeon Crawl Stone Soup version 0.27.0-1-g7a089689b8 (webtiles) character file.

Game seed: 16939413192859990369

1503 SnakkuSnakku7 the Prestidigitator (level 8, -1/78 HPs)
             Began as an Ogre Delver on Aug 7, 2021.
             Killed by divine providence
             ... invoked by an orc priest
              (14 damage)
             ... on level 3 of the Dungeon.
             The game lasted 00:06:11 (3449 turns).

SnakkuSnakku7 the Prestidigitator (Ogre Delver)     Turns: 3449, Time: 00:06:12

Health: -1/78      AC:  3    Str: 16 (17) XL:     8   Next: 82%
Magic:  8/8        EV:  9    Int: 11      God:
Gold:   34         SH:  0    Dex:  9 (10) Spells: 7/7 levels left

rFire    . . .     SeeInvis +   a - +3 mace of Kuiwn {venom, *Rage rElec rPois Str-2}
rCold    . . .     Faith    .   (no shield)
rNeg     + . .     Spirit   .   m - +0 robe
rPois    +         Reflect  .   (helmet restricted)
rElec    +         Harm     .   (no cloak)
rCorr    .         Rampage  .   (gloves unavailable)
Will     +....     Rnd*Rage +   (boots unavailable)
Stlth    ++........             (no amulet)
HPRegen  0.23/turn              o - ring of positive energy
MPRegen  0.11/turn              (no ring)

@: no status effects
A: large, unfitting armour, tough skin 1, see invisible, deterioration 1,
strong-willed 1
a: no special abilities


You were on level 3 of the Dungeon.
You visited 1 branch of the dungeon, and saw 5 of its levels.

You collected 99 gold pieces.
You spent 65 gold pieces at shops.

Inventory:

Hand Weapons
 a - the +3 mace of Kuiwn (weapon) {venom, *Rage rElec rPois Str-2}
   (You found it on level 5 of the Dungeon)

   It poisons the flesh of those it strikes.
   Str:       It affects your strength (-2).
   rElec:     It insulates you from electricity.
   rPois:     It protects you from poison.
   *Rage:     It may make you go berserk in combat.
 b - a +1 giant spiked club
Armour
 m - a +0 robe (worn)
Jewellery
 o - a ring of positive energy (left hand)
Wands
 g - a wand of digging (2)
 i - a wand of mindburst (1)
 k - a wand of iceblast (11)
Scrolls
 c - 2 scrolls of fog
 d - a scroll of magic mapping
 f - a scroll of summoning {unknown}
 l - 2 scrolls of immolation
 p - a scroll of teleportation {unknown}
 t - a scroll of identify {unknown}
Potions
 e - 3 potions of flight {unknown}
 h - a potion of curing {unknown}
 q - a potion of degeneration {unknown}
 r - a potion of brilliance {unknown}
 s - a potion of berserk rage {unknown}
 u - a potion of heal wounds


   Skills:
 - Level 4.0 Fighting
 + Level 4.6 Maces & Flails
 - Level 1.7 Dodging
 - Level 3.7 Stealth
 - Level 8.0 Evocations


You had 7 spell levels left.
You didn't know any spells.
Your spell library contained the following spells:

 Spells                   Type           Power      Damage    Failure   Level
 Sting                    Tmut/Pois      0%         1d3       34%         1
 Poisonous Vapours        Pois/Air       0%         N/A       47%         2
 Sublimation of Blood     Necr           0%         N/A       47%         2
 Ignite Poison            Fire/Tmut/Pois 0%         N/A       71%         3
 Mephitic Cloud           Conj/Pois/Air  0%         N/A       71%         3
 Olgreb's Toxic Radiance  Pois           0%         N/A       98%         4
 Petrify                  Tmut/Erth      0%         N/A       98%         4
 Bolt of Magma            Conj/Fire/Erth 0%         4d4       100%        5
 Irradiate                Conj/Tmut      0%         3d13      100%        5


Dungeon Overview and Level Annotations

Branches:
Dungeon (5/15)
 Temple: D:4-7

Altars:
Kikubaaqudgha
Qazlal
Yredelemnul

Shops:
D:2 !   D:4 *

Annotations:
D:5 exclusions: phantom and water moccasin


Innate Abilities, Weirdness & Mutations

You are too large for most types of armour.
You have tough skin. (AC +1)
You have supernaturally acute eyesight. (SInv)
Your body sometimes deteriorates upon taking damage.
You are strong-willed. (Will+)


Message History

The adder bites you but does no damage. The giant cockroach barely misses you.
You miss the adder. The adder bites you but does no damage.
The giant cockroach barely misses you.
You sock the adder!
You kill the adder!
The giant cockroach barely misses you.
You hit the goblin.
The goblin is poisoned.
The goblin is severely wounded.
You kill the goblin!
The giant cockroach misses you.
The giant cockroach bites you but does no damage.
You sock the giant cockroach!
You kill the giant cockroach!
You closely miss the orc warrior.
The orc warrior hits you with a +0 mace! x2
The orc priest shouts! x2
You sock the orc warrior!
The orc warrior is poisoned.
The orc warrior is moderately wounded.
You hear a shout!
The orc priest calls upon Beogh to heal the orc warrior.
The orc warrior is healed somewhat.
The orc priest calls upon Beogh to heal the orc warrior.
The orc warrior's wounds heal themselves!
The orc warrior hits you with a +0 mace!
The orc warrior hits you with a +0 mace!
Your body deteriorates!
You feel weakened.
The orc wizard gestures wildly while chanting.
The orc wizard flickers and vanishes for a moment.
The orc priest invokes the aid of Beogh against you.
Beogh smites you!
* * * LOW HITPOINT WARNING * * *
There is an open door here.
Okay, then.
The orc priest looks braver for a moment.
There is a stone staircase leading up here.
The orc warrior hits you with a +0 mace!
* * * LOW HITPOINT WARNING * * *
The orc priest calls down the wrath of Beogh upon you.
Beogh smites you!
You die...

#######
##.....########
#......o.o.oo@#
#......########
#......+
#......##+#####
#....##.).....# #
#?... #.†.....#
##....$.
........#
....[...........+
..#.#+###########


You could see an orc warrior (poisoned), 2 orc priests and an orc wizard
(invisible).

Vanquished Creatures
  A two-headed ogre (D:5)
  Pikel (D:4)
  An ogre (D:5)
  A lemure (D:4)
  2 scorpions (D:4)
  A jelly (D:5)
  An orc priest (D:4)
  An orc wizard (D:4)
  5 adders
  A shadow imp (D:4)
  An adder skeleton (D:4)
  2 worms
  3 dart slugs
  3 orcs
  6 ball pythons
  4 bats
  7 endoplasms
  2 giant cockroaches
  5 goblins
  4 hobgoblins
  8 jackals (D:2)
  2 kobolds
  2 quokkas (D:2)
  2 frilled lizards
  5 rats
  A bush (D:2)
72 creatures vanquished.

Vanquished Creatures (others)
  A plant (D:2)
1 creature vanquished.

Grand Total: 73 creatures vanquished

Notes
Turn   | Place    | Note
-------+----------+-------------------------------------------
     0 | D:5      | SnakkuSnakku7 the Ogre Delver began the quest for the Orb.
     0 | D:5      | Reached XP level 1. HP: 24/24 MP: 1/1
    24 | D:5      | Noticed a water moccasin
    73 | D:5      | Noticed a phantom
   138 | D:5      | Found a stormy altar of Qazlal.
   171 | D:5      | Noticed a two-headed ogre
   208 | D:5      | Killed a two-headed ogre
   209 | D:5      | Reached skill level 6 in Evocations
   209 | D:5      | Reached XP level 2. HP: 9/32 MP: 2/2
   209 | D:5      | Reached XP level 3. HP: 11/39 MP: 3/3
   209 | D:5      | Reached XP level 4. HP: 13/48 MP: 4/4
   209 | D:5      | Reached XP level 5. HP: 15/54 MP: 5/5
   209 | D:5      | Reached XP level 6. HP: 18/62 MP: 6/6
   209 | D:5      | Reached XP level 7. HP: 20/70 MP: 7/7
   477 | D:5      | Identified the +3 mace of Kuiwn {venom, *Rage rElec rPois
                  | Str-2}
   657 | D:4      | Gained mutation: Your body sometimes deteriorates upon
                  | taking damage. [potion of mutation]
   657 | D:4      | Gained mutation: You tend to lose your temper in combat.
                  | [potion of mutation]
   663 | D:4      | HP: 3/70 [orc priest/divine providence (14)]
   673 | D:4      | Reached skill level 7 in Evocations
   681 | D:4      | Reached XP level 8. HP: 7/78 MP: 8/8
  1215 | D:4      | Noticed Pikel
  1242 | D:4      | Killed Pikel
  1243 | D:4      | Reached skill level 8 in Evocations
  1625 | D:4      | Found Fiaclolu's Overcharged Wands.
  1741 | D:3      | Found an ancient bone altar of Kikubaaqudgha.
  2048 | D:1      | Found a faded altar of an unknown god.
  2049 | D:1      | Noticed an eye of devastation
  2049 | D:1      | Noticed a shining eye
  2049 | D:1      | Noticed a shining eye
  2620 | D:2      | Found Cosuum's Distillery.
  2628 | D:2      | Bought a potion of heal wounds for 65 gold pieces
  2656 | D:2      | Found a basalt altar of Yredelemnul.
  2901 | D:2      | Lost mutation: You tend to lose your temper in combat.
                  | [potion of mutation]
  2901 | D:2      | Gained mutation: You are strong-willed. (Will+) [potion of
                  | mutation]
  2901 | D:2      | Gained mutation: You have supernaturally acute eyesight.
                  | (SInv) [potion of mutation]
  3449 | D:3      | Killed from afar by an orc priest

Illustrated notes

Levels and vault maps discovered:
D:1:      sevenhm_arrival_forest_fort_large_2, layout_loops_ring,
          hellmonk_ecumenical_altar_watching_god
D:2:      layout_basic, serial_shops, shop, basic_altar, serial_forest,
          infiniplex_forest_fountain, infiniplex_forest_pool,
          infiniplex_forest_3_way, infiniplex_forest_end_2,
          infiniplex_forest_clump_tiny, hangedman_abyss_or_decor_stabs,
          minmay_hedge_maze
D:3:      layout_basic, mainiacjoe_overflow_tiny_flanked, serial_rivers,
          chequers_serial_rivers_small_b, chequers_serial_rivers_marsh,
          chequers_serial_rivers_large_b, chequers_serial_rivers_micro_a,
          minivault_27, bh_walls_and_bars, uniq_crazy_yiuf_cottage
D:4:      layout_basic, nicolae_shop_overcharged_wands, uniq_pikel
D:5:      kennysheep_spiral_hall, layout_basic, kennysheep_mini_moat,
          hangedman_decor_riveting

Skill      XL: |  1  2  3  4  5  6  7  8 |
---------------+-------------------------+-----
Evocations     | 6 7 8 |  8.0
Maces & Flails | 4 |  4.6
Fighting       | |  4.0
Dodging        | |  1.7
Stealth        | |  3.7

Action                   |  1- 3 |  4- 6 |  7- 9 || total
-------------------------+-------+-------+-------++-------
Melee: Mace              |       |       |   214 ||   214
Evoke: Wand              |     9 |       |     5 ||    14
  Use: Potion            |     1 |       |     3 ||     4
       Scroll            |       |       |     3 ||     3
 Stab: Sleeping          |       |       |     8 ||     8
Armor: Robe              |       |       |    71 ||    71
Dodge: Dodged            |     1 |       |    89 ||    90
